Map: King Sejong Station LE

Players

Fropez

  • Race: Protoss Protoss
  • League: Gold
  • Spawn Location: 11:00

Pez - Winner!

  • Race: Protoss Protoss
  • League: Gold
  • Spawn Location: 5:00

VOD

Have the link to the VOD?

Description

Time

  • Played on: Nov. 17, 2016, 4:45 p.m.
  • Length: 9:29
Show
View Real Time Build Order
Export as new Build Order

Fropez Protoss 

Build Orders:  

Get SALT Encoding   

  12  0:03  Probe (Chrono Boost)  
  13  0:13  Probe (Chrono Boost)  
  14  0:25  Probe (Chrono Boost)  
  14  0:27  Pylon  
  15  0:40  Assimilator  
  15  0:45  Probe (Chrono Boost)  
  16  0:50  Gateway  
  16  0:53  Gateway  
  17  0:57  Probe (Chrono Boost)  
  17  1:07  Probe (Chrono Boost)  
  19  1:18  Probe (Chrono Boost)  
  19  1:25  Pylon  
  19  1:26  Assimilator  
  19  1:29  Probe (Chrono Boost)  
  20  1:39  Pylon  
  20  1:42  Probe (Chrono Boost)  
  21  1:51  Cybernetics Core  
  21  1:52  Probe (Chrono Boost)  
  22  2:00  Pylon  
  22  2:03  Pylon  
  22  2:11  Probe (Chrono Boost)  
  24  2:28  Mothership Core (Chrono Boost)  
  25  2:34  Nexus  
  25  2:38  Warp Gate (Chrono Boost)  
  25  2:48  Adept  
  25  2:49  Adept  
  29  3:03  Probe (Chrono Boost)  
  29  3:04  Pylon  
  30  3:13  Forge  
  30  3:14  Probe (Chrono Boost)  
  30  3:43  Adept x2  
  30  3:45  Probe  
  35  3:49  Probe  
  35  3:54  Protoss Ground Weapons Level 1 (Chrono Boost)  
  36  4:00  Probe  
  36  4:01  Photon Cannon  
  37  4:18  Photon Cannon  
  33  4:38  Photon Cannon  
  33  4:42  Pylon, Probe, Gateway  
  33  4:43  Probe  
  33  4:55  Probe  
  34  5:01  Photon Cannon  
  34  5:08  Photon Cannon  
  34  5:15  Photon Cannon  
  34  5:18  Mothership Core  
  36  5:22  Stalker  
  34  5:31  Probe  
  35  5:35  Assimilator  
  35  5:39  Assimilator  
  35  5:40  Stalker  
  37  5:43  Stalker  
  39  5:52  Probe  
  39  5:53  Probe  
  37  6:00  Gateway  
  37  6:07  Probe  
  37  6:08  Probe  
  38  6:14  Gateway  
  38  6:18  Probe  
  38  6:23  Stalker x2  
  42  6:36  Pylon  
  42  6:38  Pylon  
  42  6:41  Probe  
  42  6:42  Probe  
  44  6:51  Protoss Shields Level 1 (Chrono Boost), Probe  
  45  7:02  Stalker x2  
  45  7:06  Probe  
  45  7:07  Probe  
  51  7:10  Pylon  
  51  7:19  Probe  
  51  7:20  Probe  
  53  7:24  Pylon  
  53  7:30  Twilight Council  
  53  7:32  Probe  
  53  7:33  Probe  
  55  7:52  Nexus  
  55  8:02  Probe  
  55  8:03  Probe  
  57  8:12  Probe  
  57  8:19  Gateway  
  58  8:21  Gateway  
  58  8:24  Probe  
  58  8:26  Probe  
  60  8:27  Gateway  
  60  8:31  Photon Cannon  
  60  8:35  Probe  
  60  8:36  Pylon  
  60  8:38  Probe  
  60  8:40  Pylon  
  62  8:54  Pylon, Templar Archives  
  62  9:01  Pylon  
  62  9:12  Stalker x3  
  62  9:13  Probe x2, Stalker  
  62  9:14  Probe  
  73  9:21  Photon Cannon  
  73  9:23  Assimilator  
Show
View Real Time Build Order
Export as new Build Order

Pez Protoss - Winner!

Build Orders: 1 Gate Expand 

Get SALT Encoding   

  12  0:01  Probe (Chrono Boost)  
  13  0:11  Probe (Chrono Boost)  
  14  0:17  Pylon  
  14  0:22  Probe (Chrono Boost)  
  15  0:36  Gateway  
  15  0:40  Assimilator  
  15  0:43  Probe (Chrono Boost)  
  16  0:53  Probe (Chrono Boost)  
  18  1:04  Probe (Chrono Boost)  
  18  1:22  Nexus  
  18  1:33  Cybernetics Core  
  18  1:38  Probe (Chrono Boost)  
  19  1:51  Gateway  
  19  1:54  Probe (Chrono Boost)  
  19  2:00  Pylon  
  20  2:15  Probe (Chrono Boost)  
  21  2:33  Probe (Chrono Boost)  
  22  2:38  Assimilator  
  22  2:41  Probe (Chrono Boost)  
  25  2:44  Adept (Chrono Boost), Mothership Core (Chrono Boost)  
  25  2:46  Adept (Chrono Boost)  
  29  2:54  Probe (Chrono Boost)  
  29  2:57  Warp Gate (Chrono Boost)  
  30  3:03  Probe  
  31  3:05  Gateway  
  31  3:10  Adept, Probe  
  32  3:18  Probe  
  35  3:23  Probe  
  36  3:30  Probe  
  36  3:32  Gateway  
  32  3:42  Probe  
  32  3:43  Stalker  
  32  3:47  Stalker  
  37  3:56  Probe  
  37  3:57  Probe  
  37  4:00  Stalker  
  41  4:13  Pylon  
  33  4:35  Stalker  
  33  4:38  Stalker  
  33  4:39  Stalker x2  
  33  4:40  Probe  
  38  5:08  Stalker  
  38  5:12  Stalker  
  40  5:21  Stalker x2  
  42  5:35  Stalker  
  42  5:37  Probe x2  
  42  5:42  Stalker  
  48  5:49  Probe  
  49  5:53  Stalker x2  
  49  5:56  Probe  
  52  6:01  Probe  
  53  6:05  Pylon  
  53  6:08  Probe  
  54  6:20  Pylon  
  54  6:23  Probe x2  
  56  6:26  Pylon  
  56  6:36  Pylon, Probe x2  
  56  6:39  Stalker  
  60  6:40  Pylon  
  60  6:42  Stalker  
  62  6:48  Probe (Chrono Boost), Mothership Core (Chrono Boost)  
  66  7:02  Probe (Chrono Boost)  
  66  7:07  Gateway  
  66  7:08  Probe (Chrono Boost), Gateway  
  67  7:10  Gateway  
  67  7:13  Twilight Council  
  68  7:16  Probe (Chrono Boost)  
  68  7:19  Pylon  
  68  7:24  Probe (Chrono Boost)  
  68  7:27  Assimilator  
  69  7:30  Assimilator  
  69  7:42  Stalker x4  
  77  7:57  Probe (Chrono Boost)  
  77  8:28  Pylon  
  77  8:34  Robotics Facility  
  77  8:45  Pylon  
  77  9:03  Stalker x2  
  77  9:04  Stalker  
  77  9:05  Stalker  
  77  9:06  Stalker x3  
  91  9:20  Forge  
Tags
 
Add a new tag
Caveats
  • Supply blocks, unpowered buildings, or Contaminate may cause inaccurate times.
  • Supply counts are checked every 10 seconds.